 Dungeon Crawl Stone Soup version 0.31-a0-844-gdc52ec4e09 (webtiles) character file.

Game seed: 12833828457624647157

1749 AzuretheShark the Changeling (level 8, -2/66 HPs)
             Began as a Demigod Shapeshifter on Sept 28, 2023.
             Slain by a killer bee (5 damage)
             ... on level 6 of the Dungeon.
             The game lasted 00:10:16 (6553 turns).

AzuretheShark the Changeling (Demigod Shapeshifter) Turns: 6553, Time: 00:10:17

Health: -2/66      AC:  4    Str: 22 (23) XL:     8   Next: 49%
Magic:  10/10      EV: 13    Int: 10 (12) God:
Gold:   317        SH:  0    Dex: 12 (13) Spells: 7/7 levels left

rFire   . . .        i - melded +1 orcbow
rCold   + . .        (shield currently unavailable)
rNeg    . . .        a - +0 animal skin
rPois   +            t - +0 helmet
rElec   .            o - +0 cloak
rCorr   .            (no gloves)
SInv    +            (no boots)
Will    .....        (no amulet)
Stlth   +            u - ring of protection from cold
HPRegen 0.31/turn    (no ring)
MPRegen 0.12/turn

%: no passive effects
@: lethally poisoned (-2 -> -8), flux-form, glowing
A: glow, contaminating, high MP 1, forlorn, divine attributes, see invisible,
sense surroundings 1, poison resistance, noise suppression
a: Begin Untransformation


You were on level 6 of the Dungeon.
You were something dangerously unstable.
You visited 1 branch of the dungeon, and saw 6 of its levels.

You collected 317 gold pieces.

Inventory:

Hand Weapons
 f - a +0 sling
 i - a +1 orcbow (melded)
 k - a +2 dagger of venom
Armour
 a - a +0 animal skin (worn)
 o - a +0 cloak (worn)
 q - a scarf of shadows
 t - a +0 helmet (worn)
Jewellery
 h - a ring of flight
 u - a ring of protection from cold (left hand)
Talismans
 c - a beast talisman
 d - a flux talisman (active)
Wands
 m - a wand of polymorph (12)
 n - a wand of mindburst (7)
 z - a wand of flame (17)
 A - a wand of roots (6)
Scrolls
 b - a scroll of vulnerability
 e - 3 scrolls of teleportation
 g - a scroll of immolation
 j - a scroll of poison
 v - 2 scrolls of noise {unknown}
 w - a scroll of identify
 y - a scroll of summoning {unknown}
Potions
 l - a potion of might
 r - a potion of haste
 s - 2 potions of degeneration
 x - a potion of resistance


   Skills:
 - Level 4.0 Fighting
 + Level 4.7 Dodging
 - Level 5.0 Unarmed Combat
 - Level 7.2 Shapeshifting


You had 7 spell levels left.
You didn't know any spells.
Your spell library contained the following spells:

 Spells                   Type           Power      Damage    Failure   Level
 Apportation              Tloc           0%         N/A       36%         1
 Jinxbite                 Hex            0%         N/A       50%         2
 Alistair's Intoxication  Tmut/Pois      0%         N/A       100%        5


Dungeon Overview and Level Annotations

Branches:
Dungeon (6/15)             Temple (0/1) D:5

Shops:
D:2 ?(   D:3 :

Annotations:
D:2 exclusion: 2 downstairs


Innate Abilities, Weirdness & Mutations

You are something dangerously unstable.
You glow with magical radiation, making you easy to see and hit.
Foes you strike become dangerously contaminated with magical radiation.
You are incapable of wielding weapons or throwing items.
You have an increased reservoir of magic. (+10% MP)
You shall have no god before yourself.
Your divine heritage dramatically boosts your attributes as you level up.
You have supernaturally acute eyesight. (SInv)
You passively map a small area around you.
Your system is resistant to poisons. (rPois)
You passively dampen the noise of your surroundings.


Message History

You feel sick. The killer bee stings you.
You are more poisoned.
The killer bee poisons you! The killer bee stings you.
* * * LOW HITPOINT WARNING * * *
The killer bee barely misses you.
The killer bee stings you but does no damage.
A scorpion comes into view.
Aiming: Fastroot
Press: ? - help, Shift-Dir - straight line, f/p - killer bee
Aim: a killer bee (heavily wounded)
The roots erupt in riotous growth!
Roots grab the killer bee. x2
The grasping roots constrict the killer bee. x2
You feel very sick.
You hear a shout!
The killer bee stings you but does no damage.
The killer bee barely misses you. The killer bee stings you.
* * * LOW HITPOINT WARNING * * *
The killer bee barely misses you.
It was a potion of degeneration.
There was something very wrong with that liquid.
You feel weakened.
You feel dopey.
You feel clumsy.
The grasping roots constrict the killer bee.
The grasping roots constrict the killer bee!
* * * LOW HITPOINT WARNING * * *
You feel very sick.
The roots release their grip on the killer bee. x2
The killer bee barely misses you. The killer bee stings you.
* * * LOW HITPOINT WARNING * * *
The killer bee stings you but does no damage.
The killer bee stings you.
* * * LOW HITPOINT WARNING * * *
It was a potion of mutation.
You feel extremely strange.
You feel your surroundings grow quieter.
You feel a strange attunement to the structure of the dungeons.
You feel resistant to poisons.
Your vision sharpens.
* * * LOW HITPOINT WARNING * * *
You feel sick. The killer bee barely misses you. The killer bee misses you.
The killer bee stings you.
You die...

, #.#. .. * * #.#.#.#
### ## ###.#.#.#* #.# #.
* ..z..... #.#####. , .
....#.# #.......
[..##..#.########.#####.
*......y#..........# #.
......yp..........# #.
...##.##.####..#.## #.
.##.##....#..#.######) *
.............#........
.....##.####..#########
,*,..##.
#.......######### ,,
.....##.##.............
.........'.............
.........#.............


You could see 2 killer bees and a wight.

Vanquished Creatures
  Grinder (D:3)
  Sigmund (D:3)
  Eustachio (D:5)
  An ice beast (D:5)
  2 centaurs
  A kobold brigand (D:6)
  A bullfrog (D:6)
  2 killer bees (D:6)
  Crazy Yiuf (D:4)
  A sleepcap (D:6)
  Ijyb (D:3)
  4 iguanas
  Natasha (thrice) (D:4)
  4 orc wizards
  Robin (D:3)
  11 adders
  A white imp (D:6)
  An ufetubus (D:3)
  A worm (D:4)
  6 dart slugs
  18 orcs
  8 ball pythons
  6 bats
  8 endoplasms
  4 giant cockroaches
  12 goblins
  16 hobgoblins
  3 jackals (D:4)
  13 kobolds
  4 quokkas
  6 frilled lizards
  4 rats
147 creatures vanquished.

Vanquished Creatures (others)
  Prince Ribbit (D:5)
1 creature vanquished.

Grand Total: 148 creatures vanquished

Notes
Turn   | Place    | Note
-------+----------+-------------------------------------------
     0 | D:1      | AzuretheShark the Demigod Shapeshifter began the quest for
                  | the Orb.
     0 | D:1      | Reached XP level 1. HP: 15/15 MP: 3/3
    82 | D:1      | Reached skill level 3 in Shapeshifting
   137 | D:1      | Reached XP level 2. HP: 22/22 MP: 4/4
   668 | D:1      | Reached XP level 3. HP: 27/27 MP: 5/5
   755 | D:1      | Reached skill level 4 in Shapeshifting
  1035 | D:2      | Found Ufana's Antique Weapon Boutique.
  1174 | D:2      | Found Jesiarar's Magic Scroll Emporium.
  1241 | D:2      | Reached XP level 4. HP: 30/34 MP: 6/6
  1819 | D:2      | Reached skill level 5 in Shapeshifting
  1953 | D:3      | Noticed Grinder
  2143 | D:3      | Reached XP level 5. HP: 29/39 MP: 7/7
  2179 | D:3      | Killed Grinder
  2180 | D:3      | Reached skill level 6 in Shapeshifting
  2180 | D:3      | Reached XP level 6. HP: 8/46 MP: 8/8
  2442 | D:3      | Found Wuvvya's Book Shop.
  2445 | D:3      | Noticed Robin
  2786 | D:3      | Killed Robin
  2838 | D:3      | Noticed Sigmund
  2847 | D:3      | Killed Sigmund
  2848 | D:3      | Reached skill level 7 in Shapeshifting
  3039 | D:3      | Noticed Ijyb
  3047 | D:3      | Killed Ijyb
  3715 | D:4      | Noticed Natasha
  3720 | D:4      | Killed Natasha
  3721 | D:4      | Reached XP level 7. HP: 46/51 MP: 9/9
  3968 | D:4      | Noticed Natasha
  3974 | D:4      | Killed Natasha
  4072 | D:4      | Noticed Natasha
  4082 | D:4      | Killed Natasha
  4465 | D:4      | Found a runed translucent door.
  4466 | D:4      | Noticed Crazy Yiuf
  4717 | D:4      | Killed Crazy Yiuf
  4797 | D:5      | Entered Level 5 of the Dungeon
  4945 | D:5      | Noticed Prince Ribbit
  4984 | D:5      | Killed Prince Ribbit
  4994 | D:5      | Reached skill level 5 in Unarmed Combat
  4994 | D:5      | Reached skill level 1 in Fighting
  5455 | D:5      | Found a staircase to the Ecumenical Temple.
  5533 | D:5      | Reached XP level 8. HP: 58/63 MP: 10/10
  5606 | D:5      | Noticed Eustachio
  5617 | D:5      | Killed Eustachio
  6553 | D:6      | Gained mutation: You passively dampen the noise of your
                  | surroundings. [potion of mutation]
  6553 | D:6      | Gained mutation: You passively map a small area around you.
                  | [potion of mutation]
  6553 | D:6      | Gained mutation: Your system is resistant to poisons.
                  | (rPois) [potion of mutation]
  6553 | D:6      | Gained mutation: You have supernaturally acute eyesight.
                  | (SInv) [potion of mutation]
  6553 | D:6      | HP: 3/66 [poisoned by a killer bee]
  6553 | D:6      | Slain by a killer bee

Illustrated notes

Levels and vault maps discovered:
D:1:      dpeg_arrival_yet_another_circle, layout_loops_cross, st_stairs_11,
          minmay_heptomino_l4
D:2:      layout_rooms, serial_shops, nicolae_shop_trees,
          nicolae_shop_rolling_square, minmay_cupped
D:3:      layout_basic, serial_shops, shop, basic_ecumenical_altar, uniq_robin,
          uniq_grinder, uniq_sigmund, uniq_ijyb
D:4:      layout_rooms, uniq_crazy_yiuf_cottage, uniq_natasha
D:5:      nicolae_cairo_tiling_very_big, layout_rooms,
          nicolae_sif_muna_little_library, lemuel_temple_firewalk_b,
          dreamdust_wishing_well, roderic_serpentine_path, uniq_eustachio,
          uniq_prince_ribbit1
D:6:      layout_basic, uniq_jeremiah

Skill      XL: |  1  2  3  4  5  6  7  8 |
---------------+-------------------------+-----
Shapeshifting  | 3 4 5 6 7 |  7.2
Unarmed Combat | 5 |  5.0
Fighting       | 3 4 |  4.0
Dodging        | 4 |  4.7

Action                     |  1- 3 |  4- 6 |  7- 9 || total
---------------------------+-------+-------+-------++-------
  Melee: Unarmed           |    25 |    66 |   252 ||   343
         Orcbow            |       |     1 |       ||     1
         Dagger            |       |     6 |       ||     6
         Punch             |       |     1 |       ||     1
   Fire: Sling             |    30 |       |       ||    30
         Orcbow            |    74 |    76 |       ||   150
  Evoke: Wand              |       |    10 |     4 ||    14
    Use: Scroll            |     4 |       |     3 ||     7
         Potion            |       |     7 |     2 ||     9
   Stab: Sleeping          |     2 |     1 |       ||     3
 Armour: Animal skin       |    63 |   101 |   186 ||   350
         Skin              |       |     9 |       ||     9
  Dodge: Dodged            |    68 |    90 |   186 ||   344
   Form: Flux              |       |     1 |       ||     1

Table legend: (Time is in decaauts)
 A = Elapsed time spent in this place.
 B = Non-inter-level travel time spent in this place.
 C = Inter-level travel time spent in this place.
 D = Time resting spent in this place.
 E = Time spent auto-exploring this place.
 F = Levels seen in this place.
 G = Mean time per level.
                   A        B        C        D        E       F      G
               +--------+--------+--------+--------+--------+-----+--------+
         Total |   6605 |   6369 |    236 |   1012 |   4290 |   6 | 1100.8 |
       Dungeon |   6605 |   6369 |    236 |   1012 |   4290 |   6 | 1100.8 |
               +--------+--------+--------+--------+--------+-----+--------+

Top non-repeatable levels by time:
     D:2: 1404 daAuts
     D:3: 1274 daAuts
     D:4: 1156 daAuts
     D:5: 1119 daAuts
     D:1: 1029 daAuts
     D:6: 622 daAuts
